 Dungeon Crawl Stone Soup version 0.30-b1-5-g8e6c1be481 (webtiles) character file.

Game seed: 12673043387805066870

50 Cheops the Ruffian (level 3, -1/31 HPs)
             Began as a Ghoul Monk on May 4, 2023.
             Slain by an orc wizard
             ... wielding a +1 dagger of distortion
              (6 damage)
             ... on level 4 of the Dungeon.
             The game lasted 00:01:24 (684 turns).

Cheops the Ruffian (Ghoul Monk)                      Turns: 684, Time: 00:01:25

Health: -1/31      AC:  2    Str: 16    XL:     3   Next: 79%
Magic:  2/2        EV: 12    Int:  5    God:
Gold:   73         SH:  0    Dex: 11    Spells: 2/2 levels left

rFire   . .          .
                       - Unarmed
rCold   + . .        c - orb {light}
rNeg    + + +        a - +0 robe
rPois   ∞            (no helmet)
rElec   .            (no cloak)
rCorr   .            (no gloves)
SInv    .            (no boots)
Will    .....        (no amulet)
Stlth   +            (no ring)
HPRegen 0.00/turn    (no ring)
MPRegen 0.08/turn

%: no passive effects
@: inhibited regen, glowing
A: claws 1, cold resistance 1, negative energy resistance 3, inhibited
regeneration, torment resistance 2, devour on kill
a: no special abilities


You were on level 4 of the Dungeon.
You visited 1 branch of the dungeon, and saw 3 of its levels.

You collected 73 gold pieces.

Inventory:

Armour
 a - a +0 robe (worn)
 c - an orb of light (worn)
Scrolls
 d - 3 scrolls of identify {unknown}
 g - a scroll of fog {unknown}
Potions
 b - a potion of ambrosia
 e - a potion of attraction {unknown}
 f - a potion of curing {unknown}
 h - a potion of magic {unknown}
 i - a potion of mutation {unknown}


   Skills:
 - Level 3.2 Fighting
 + Level 3.2 Dodging
 * Level 4.5 Unarmed Combat


You had 2 spell levels left.
You didn't know any spells.
Your spell library contained the following spells:

 Spells                   Type           Power      Damage    Failure   Level
 Magic Dart               Conj           0%         1d3       47%         1
 Call Imp                 Summ           0%         N/A       63%         2
 Mephitic Cloud           Conj/Pois/Air  0%         N/A       85%         3


Dungeon Overview and Level Annotations

Branches:
Dungeon (2/15)

Altars:


Innate Abilities, Weirdness & Mutations

You are immune to poison.
You have sharp fingernails.
Your flesh is cold resistant. (rC+)
You are immune to negative energy. (rN+++)
You do not regenerate when monsters are visible.
You are immune to unholy pain and torment.
You thrive by killing the living.


Message History

The orc wizard casts a spell.
The orc wizard flickers and vanishes!
Deactivating autopickup; reactivate with Ctrl-A.
You have reached level 3!
Your experience leads to an increase in your attributes!
Increase (S)trength, (I)ntelligence, or (D)exterity?
You feel stronger. x2
The orc hits you with a +0 heavy hand axe!
Things that are here:
a +0 dagger; a +0 robe You scratch the orc.
The orc is moderately wounded.
The orc hits you with a +0 short sword. The orc closely misses you.
The orc wizard casts a spell at you. The magic dart hits you.
The orc barely misses you.
You barely miss the orc. The orc closely misses you.
You claw the orc wizard!
The orc wizard is heavily wounded.
The orc hits you with a +0 short sword.
You hear a distant slurping noise.
The orc barely misses you.
You scratch the orc wizard.
The orc wizard is severely wounded.
The orc wizard hits you with a +1 dagger of distortion.
* * * LOW HITPOINT WARNING * * *
You blink.
You claw the orc!
You kill the orc!
You feel better.
You scratch the orc.
The orc is almost dead.
The orc misses you.
You claw the orc!
You kill the orc!
The orc hits you with a +0 dagger.
* * * LOW HITPOINT WARNING * * *
The orc wizard hits you with a +1 dagger of distortion.
* * * LOW HITPOINT WARNING * * *
Space warps around you.
You die...

.. #.# #.# #.# #.#
.. #.#
...####.############
#.......)o........
#..#.....@o........
#.#.#####.###### #
#.# .# #.# .# #.. .#
#### .# .#


You could see an orc wizard (invisible) and an orc.

Vanquished Creatures
  An orc wizard (D:4)
  2 orcs (D:4)
  2 ball pythons (D:1)
  A bat (D:1)
  2 endoplasms (D:1)
  A giant cockroach (D:1)
  3 hobgoblins (D:1)
  3 kobolds (D:1)
  A quokka (D:1)
  3 goblins
  A rat (D:1)
20 creatures vanquished.

Notes
Turn   | Place    | Note
-------+----------+-------------------------------------------
     0 | D:1      | Cheops the Ghoul Monk began the quest for the Orb.
     0 | D:1      | Reached XP level 1. HP: 19/19 MP: 0/0
     2 | D:1      | Noticed a ghoul
     2 | D:1      | Noticed an ogre
     4 | D:1      | Noticed a demonspawn
     4 | D:1      | Noticed a vampire
     6 | D:1      | Noticed a spriggan
     6 | D:1      | Noticed a demigod
     8 | D:1      | Noticed an octopode
     8 | D:1      | Noticed a draconian
    10 | D:1      | Noticed an elf
    12 | D:1      | Noticed a troll
    12 | D:1      | Noticed a merfolk
    14 | D:1      | Noticed a naga
    14 | D:1      | Noticed a gargoyle
    16 | D:1      | Noticed a vine stalker
    18 | D:1      | Noticed a meteoran
    20 | D:1      | Noticed a human
    20 | D:1      | Noticed a minotaur
    22 | D:1      | Noticed an armataur
    22 | D:1      | Noticed a formicid
    24 | D:1      | Noticed a tengu
    24 | D:1      | Noticed a vampire
    26 | D:1      | Noticed an octopode
    26 | D:1      | Noticed an armataur
   107 | D:1      | Reached XP level 2. HP: 26/26 MP: 1/1
   305 | D:1      | Reached skill level 4 in Unarmed Combat
   609 | D:1      | Found a faded altar of an unknown god.
   664 | D:2      | You fall into a shaft and drop 2 floors!
   674 | D:4      | Reached XP level 3. HP: 25/31 MP: 2/2
   684 | D:4      | Slain by an orc wizard

Illustrated notes

Levels and vault maps discovered:
D:1:      kb_arrival_jail, layout_basic, dilly_ecumenical_altar_fadedgnrine
D:2:      layout_rooms
D:4:      layout_basic

Skill      XL: |  1  2 |
---------------+-------+-----
Dodging        | 3 |  3.2
Unarmed Combat | 4 |  4.5
Fighting       | |  3.2

Action                     || total
---------------------------++-------
  Melee: Unarmed           ||    39
 Armour: Robe              ||     2
  Dodge: Dodged            ||    19
